 Seeded DCSS version 0.30-a0-1094-g860fb061e7 (webtiles) character file.

Game seed: 7851298505247932012 (custom seed)

54 Pimp the Trooper (level 3, -5/33 HPs)
             Began as a Draconian Fighter on Apr 17, 2023.
             Slain by an ogre
             ... wielding a +0 giant club
              (21 damage)
             ... on level 4 of the Dungeon.
             The game lasted 00:03:30 (1903 turns).

Pimp the Trooper (Draconian Fighter)                Turns: 1903, Time: 00:03:31

Health: -5/33      AC:  5    Str: 20    XL:     3   Next: 66%
Magic:  3/3        EV: 12    Int:  8    God:
Gold:   152        SH:  4    Dex: 10    Spells: 3/3 levels left

rFire   . . .      SeeInvis .    a - +0 war axe
rCold   . . .      Faith    .    b - +0 buckler
rNeg    . . .      Spirit   .    (body armour unavailable)
rPois   .          Reflect  .    (helmet restricted)
rElec   .          Rampage  .    (no cloak)
rCorr   .                        (no gloves)
Will    .....                    (no boots)
Stlth   +                        (no amulet)
HPRegen 0.25/turn                (no ring)
MPRegen 0.08/turn                (no ring)

@: studying Air Magic
A: AC +5, unfitting armour, cold-blooded
a: no special abilities


You were on level 4 of the Dungeon.
You visited 1 branch of the dungeon, and saw 4 of its levels.

You collected 152 gold pieces.

Inventory:

Hand Weapons
 a - a +0 war axe (weapon)
Missiles
 m - a throwing net (quivered)
Armour
 b - a +0 buckler (worn)
Scrolls
 d - a scroll of immolation {unknown}
 e - 2 scrolls of amnesia {unknown}
 f - a scroll of magic mapping {unknown}
 h - 4 scrolls of teleportation {unknown}
 j - 2 scrolls of fog {unknown}
 n - a scroll of fear {unknown}
 p - a scroll of identify {unknown}
 r - a scroll of blinking {unknown}
Potions
 c - 2 potions of might
 g - a potion of degeneration {unknown}
 i - a potion of cancellation {unknown}
 k - 2 potions of berserk rage {unknown}
 l - a potion of heal wounds {unknown}
 o - a potion of invisibility {unknown}
 q - a potion of resistance {unknown}


   Skills:
 + Level 3.7 Fighting
 + Level 2.6 Axes
 + Level 3.0 Dodging
 + Level 3.4 Shields
 + Level 0.6 Spellcasting
 + Level 1.1 Air Magic


You had 3 spell levels left.
You didn't know any spells.
Your spell library contained the following spells:

 Spells                   Type           Power      Damage    Failure   Level
 Freeze                   Ice            0%         1d3       50%         1
 Magic Dart               Conj           0%         1d3       50%         1
 Call Imp                 Summ           0%         N/A       63%         2
 Mephitic Cloud           Conj/Pois/Air  0%         N/A       80%         3
 Frozen Ramparts          Ice            0%         1d1       86%         3
 Hailstorm                Conj/Ice       0%         3d3       86%         3


Dungeon Overview and Level Annotations

Branches:
Dungeon (4/15)
 Temple: D:4-7

Altars:

Shops:
D:2 (   D:3 =


Innate Abilities, Weirdness & Mutations

Your plain brown scales are hard. (AC +5)
You cannot fit into any form of body armour.
You are cold-blooded and may be slowed by cold attacks.


Message History

There is a stone staircase leading down here.
Done exploring.
Done exploring.
Done exploring.
There is a stone staircase leading down here.
You climb downwards.
The goblin shouts!
Found 4 stones.
There is a stone staircase leading up here.
You barely miss the goblin. You block the goblin's attack.
The dart slug launches a dart at you. You block the slug dart.
You slash the goblin!
You kill the goblin!
You hit the dart slug.
The dart slug is lightly wounded.
The dart slug bites you but does no damage.
You hit the dart slug.
The dart slug is heavily wounded.
The dart slug bites you but does no damage.
You hit the dart slug. You tail-slap the dart slug.
You kill the dart slug!
Found a whip.
An ogre comes into view. It is wielding a +0 giant club.
Found a curved iron wand.
Found a stone staircase leading up.
The ogre shouts!
You slash the ogre!
The ogre is moderately wounded.
The ogre closely misses you.
You barely miss the ogre.
The ogre is moderately wounded.
The ogre hits you with a +0 giant club!
You barely miss the ogre.
The ogre is moderately wounded.
The ogre hits you with a +0 giant club.
You closely miss the ogre.
The ogre is moderately wounded.
The ogre hits you with a +0 giant club!!
Ouch! That really hurt!
You die...

... ..... ##### #.#
/...#
#####...###+###.##....##
........#..............#
........#..............#
........#.............#
........#.............#
........#........O)...#
.####..###...##.@.....#
####..###...##.......#
#...........##.......#
#.......<.............#
#.......).........<..##
#....................#
#(...+###########+####
#.... #....


You could see an ogre.

Vanquished Creatures
  An adder (D:2)
  2 dart slugs
  4 orcs (D:3)
  4 endoplasms
  A giant cockroach (D:1)
  5 goblins
  4 hobgoblins
  4 kobolds
  A quokka (D:1)
  2 ball pythons
  2 bats (D:2)
  3 frilled lizards
  2 rats
35 creatures vanquished.

Notes
Turn   | Place    | Note
-------+----------+-------------------------------------------
     0 | D:1      | Pimp the Draconian Fighter began the quest for the Orb.
     0 | D:1      | Reached XP level 1. HP: 19/19 MP: 1/1
   219 | D:1      | Reached XP level 2. HP: 14/26 MP: 2/2
   468 | D:1      | Identified a scroll of acquirement
   468 | D:1      | Acquired a manual of Air Magic
   837 | D:2      | Found Muinuro's Antique Weapon Boutique.
   846 | D:2      | Reached XP level 3. HP: 25/31 MP: 3/3
  1247 | D:3      | Found a faded altar of an unknown god.
  1406 | D:3      | Found Zusmamos's Jewellery Emporium.
  1601 | D:3      | Reached skill level 1 in Air Magic
  1896 | D:4      | Noticed an ogre
  1903 | D:4      | Slain by an ogre

Illustrated notes

Levels and vault maps discovered:
D:1:      minmay_arrival_wavy_path, layout_rooms
D:2:      layout_loops_ring, serial_shops, shop
D:3:      layout_rooms, serial_shops, shop, nicolae_ecumenical_oubliette
D:4:      layout_gridville, amethyst_overflow_temple_binary, serial_shops, shop,
          kennysheep_path_1, chequers_serial_rivers_room_a

Skill      XL: |  1  2  3 |
---------------+----------+-----
Dodging        | 3 |  3.0
Air Magic      | 1 |  1.1
Fighting       | |  3.7
Axes           | |  2.6
Shields        | |  3.4
Spellcasting   | |  0.6

Action                     || total
---------------------------++-------
  Melee: War axe           ||    80
         Tailslap          ||     8
    Use: Scroll            ||     1
   Stab: Sleeping          ||     1
 Armour: Skin              ||    23
  Dodge: Dodged            ||    38
  Block: Buckler           ||    16

Table legend: (Time is in decaauts)
 A = Elapsed time spent in this place.
 B = Non-inter-level travel time spent in this place.
 C = Inter-level travel time spent in this place.
 D = Time resting spent in this place.
 E = Time spent auto-exploring this place.
 F = Levels seen in this place.
 G = Mean time per level.
                   A        B        C        D        E       F      G
               +--------+--------+--------+--------+--------+-----+--------+
         Total |   1936 |   1775 |    161 |     89 |   1368 |   4 |  484.0 |
       Dungeon |   1936 |   1775 |    161 |     89 |   1368 |   4 |  484.0 |
               +--------+--------+--------+--------+--------+-----+--------+

Top non-repeatable levels by time:
     D:2: 839 daAuts
     D:3: 552 daAuts
     D:1: 512 daAuts
     D:4: 31 daAuts
